Map: Frost LE

Players

Federation

  • Race: Terran Terran
  • League: Gold
  • Spawn Location: 1:00

Fropez - Winner!

  • Race: Protoss Protoss
  • League: Gold
  • Spawn Location: 7:00

VOD

Have the link to the VOD?

Description

Time

  • Played on: Sept. 13, 2016, 10:34 a.m.
  • Length: 22:25
Show
View Real Time Build Order
Export as new Build Order

Federation Terran 

Build Orders:  

Get SALT Encoding   

  12  0:01  SCV  
  13  0:13  SCV  
  14  0:20  Supply Depot  
  14  0:29  SCV  
  15  0:42  SCV  
  16  0:54  SCV  
  17  0:58  Barracks  
  17  1:06  SCV  
  18  1:18  SCV, Supply Depot  
  19  1:27  Refinery  
  19  1:30  SCV  
  20  1:42  SCV  
  21  1:53  Refinery  
  21  1:54  SCV  
  22  2:01  Engineering Bay  
  22  2:06  SCV  
  23  2:18  SCV  
  24  2:30  SCV  
  24  2:34  Missile Turret  
  25  2:41  Factory  
  25  2:43  SCV  
  26  2:55  SCV  
  27  2:59  Command Center  
  27  3:03  Missile Turret  
  27  3:14  Command Center  
  27  3:19  SCV  
  28  3:26  Factory Tech Lab  
  28  3:31  Missile Turret  
  28  3:32  SCV  
  29  3:38  Sensor Tower  
  29  3:46  Planetary Fortress  
  29  3:53  Missile Turret  
  29  4:09  Supply Depot  
  29  4:11  Siege Tank  
  32  4:19  Bunker  
  32  4:30  SCV  
  32  4:43  SCV  
  33  4:47  Siege Tank  
  33  4:50  Marine  
  37  4:55  SCV  
  39  5:07  SCV  
  39  5:17  Supply Depot  
  39  5:19  SCV  
  40  5:36  SCV  
  40  5:41  Barracks  
  41  5:47  Command Center  
  41  5:48  SCV  
  42  5:53  Siege Tank  
  42  5:54  Missile Turret  
  45  5:58  Refinery  
  45  6:00  SCV  
  46  6:04  Ghost Academy  
  46  6:12  SCV  
  47  6:18  Missile Turret  
  47  6:24  SCV  
  47  6:25  Starport  
  48  6:29  Widow Mine  
  50  6:36  SCV  
  49  6:48  SCV  
  50  6:57  Widow Mine  
  52  7:07  Starport Tech Lab  
  50  7:25  Missile Turret  
  50  7:26  Widow Mine  
  50  7:29  Barracks Tech Lab  
  52  7:32  SCV  
  52  7:34  Planetary Fortress, Refinery  
  53  7:44  SCV  
  53  7:49  Planetary Fortress  
  53  7:50  Missile Turret  
  54  7:56  SCV  
  46  8:06  SCV  
  46  8:08  SCV, Nuke  
  48  8:15  SCV, Command Center  
  48  8:18  SCV, Liberator  
  48  8:19  Ghost  
  53  8:27  SCV  
  53  8:31  SCV  
  54  8:35  Starport  
  54  8:36  Sensor Tower  
  54  8:38  SCV  
  54  8:39  SCV  
  59  8:43  SCV  
  59  8:46  Widow Mine  
  62  8:50  SCV, Missile Turret  
  62  8:51  SCV  
  64  9:01  Command Center  
  65  9:02  SCV  
  65  9:03  SCV  
  65  9:07  Missile Turret  
  66  9:10  Missile Turret  
  66  9:13  Missile Turret  
  66  9:15  SCV, Widow Mine  
  69  9:18  Starport Tech Lab  
  69  9:27  SCV, Missile Turret  
  70  9:35  Sensor Tower  
  70  9:38  Refinery  
  64  9:58  Liberator  
  59  10:04  SCV  
  59  10:16  SCV  
  63  10:23  Sensor Tower  
  63  10:28  SCV  
  64  10:30  Refinery  
  64  10:32  SCV  
  65  10:40  Starport, SCV  
  65  10:41  Liberator  
  66  10:44  SCV  
  67  10:51  Planetary Fortress  
  67  10:52  SCV  
  67  10:56  SCV  
  69  10:57  Missile Turret  
  69  11:03  Missile Turret  
  72  11:04  SCV  
  72  11:08  Siege Tank, SCV  
  77  11:11  Orbital Command  
  77  11:16  SCV  
  78  11:20  SCV  
  79  11:25  Missile Turret  
  79  11:28  SCV x2, Missile Turret  
  79  11:32  Starport Reactor  
  81  11:37  Missile Turret  
  81  11:40  SCV  
  81  11:41  SCV  
  81  11:43  Refinery  
  83  11:52  SCV  
  84  12:01  Cyclone  
  88  12:02  Viking  
  88  12:04  SCV  
  91  12:08  Missile Turret  
  91  12:10  SCV  
  91  12:15  Personal Cloaking  
  92  12:21  SCV  
  93  12:22  SCV  
  93  12:25  Supply Depot  
  94  12:30  SCV  
  94  12:32  Viking  
  94  12:33  SCV, Cyclone  
  94  12:35  SCV  
  103  12:42  SCV  
  104  12:45  SCV  
  105  12:52  Raven  
  105  12:54  SCV  
  105  12:57  SCV  
  102  13:07  SCV  
  102  13:09  SCV  
  103  13:21  SCV  
  103  13:22  Command Center  
  104  13:30  Ghost Academy  
  104  13:35  Raven  
  106  13:51  Nuke  
  106  13:59  Missile Turret  
  107  14:10  Refinery  
  107  14:13  Command Center  
  107  14:17  Planetary Fortress  
  107  14:18  Raven  
  107  14:23  Missile Turret  
  108  14:25  SCV  
  108  14:29  SCV  
  104  14:33  Viking x2  
  104  14:37  SCV  
  106  14:39  Supply Depot  
  106  14:41  SCV  
  107  14:46  Liberator x2  
  107  14:49  SCV  
  107  14:52  Supply Depot  
  108  14:53  SCV  
  108  14:55  Supply Depot  
  109  15:01  SCV, Viking  
  109  15:02  Supply Depot  
  109  15:05  SCV  
  119  15:10  SCV  
  119  15:13  SCV  
  121  15:17  SCV  
  121  15:19  Nuke  
  120  15:22  SCV, Nuke  
  120  15:25  SCV, Ghost  
  120  15:28  Missile Turret  
  124  15:29  Liberator  
  124  15:30  SCV  
  124  15:31  Viking  
  124  15:32  Armory  
  124  15:34  SCV  
  128  15:38  SCV  
  128  15:39  Missile Turret  
  128  15:42  SCV  
  130  15:43  Planetary Fortress  
  130  15:46  SCV, Viking  
  130  15:48  Supply Depot  
  136  15:50  SCV  
  136  15:54  Ghost  
  139  15:58  SCV  
  140  16:10  SCV  
  141  16:21  Missile Turret  
  141  16:23  SCV  
  139  16:35  SCV  
  137  16:43  Missile Turret  
  137  16:45  SCV  
  130  16:57  SCV  
  128  17:07  Banshee  
  129  17:09  SCV  
  127  17:21  SCV x2  
  127  17:32  Command Center  
  124  17:38  Command Center  
  111  17:45  Nuke  
  111  17:46  Terran Vehicle And Ship Armor Level 1  
  111  17:50  Banshee  
  113  17:56  Fusion Core  
  103  18:33  Cloaking Field, Banshee  
  102  18:40  Missile Turret  
  102  18:42  Missile Turret  
  102  18:53  Missile Turret  
  102  19:15  Factory  
  102  19:16  Banshee  
  105  19:25  Missile Turret  
  105  19:40  Planetary Fortress  
  105  19:59  Battlecruiser  
  111  20:11  Missile Turret  
  111  20:16  Sensor Tower  
  111  20:18  Factory Tech Lab  
  106  20:43  Planetary Fortress  
  106  20:47  Widow Mine  
  105  21:03  Battlecruiser  
  108  21:05  SCV  
  109  21:15  Widow Mine  
  109  21:16  Barracks Tech Lab  
  109  21:17  SCV, Refinery  
  112  21:25  Nuke  
  112  21:29  SCV  
  110  21:41  SCV  
Show
View Real Time Build Order
Export as new Build Order

Fropez Protoss - Winner!

Build Orders:  

Get SALT Encoding   

  12  0:01  Probe (Chrono Boost)  
  13  0:24  Pylon  
  13  0:26  Probe (Chrono Boost)  
  14  0:40  Probe (Chrono Boost)  
  15  0:46  Gateway  
  15  0:48  Gateway  
  15  0:51  Probe (Chrono Boost)  
  16  1:00  Pylon  
  16  1:03  Probe (Chrono Boost)  
  17  1:22  Assimilator  
  17  1:23  Probe (Chrono Boost)  
  18  1:36  Probe (Chrono Boost)  
  18  1:37  Cybernetics Core  
  19  1:47  Probe (Chrono Boost)  
  20  2:00  Nexus  
  20  2:01  Probe (Chrono Boost)  
  21  2:11  Probe (Chrono Boost)  
  22  2:22  Probe (Chrono Boost)  
  23  2:24  Assimilator  
  23  2:32  Probe (Chrono Boost), Warp Gate (Chrono Boost)  
  23  2:34  Adept  
  23  2:35  Adept  
  29  2:44  Probe (Chrono Boost)  
  29  3:00  Probe (Chrono Boost)  
  30  3:07  Pylon  
  30  3:10  Probe (Chrono Boost)  
  30  3:11  Adept x2  
  35  3:15  Probe (Chrono Boost)  
  36  3:21  Probe (Chrono Boost)  
  36  3:26  Robotics Facility  
  37  3:31  Pylon  
  37  3:33  Probe (Chrono Boost)  
  38  3:38  Probe (Chrono Boost)  
  39  3:46  Adept x2  
  39  3:47  Probe  
  44  3:53  Pylon  
  44  3:58  Probe  
  45  4:05  Probe  
  46  4:11  Pylon  
  46  4:13  Warp Prism  
  48  4:21  Gateway  
  48  4:23  Assimilator  
  48  4:39  Probe  
  48  4:40  Probe  
  50  4:49  Gateway  
  50  4:50  Gateway  
  42  5:15  Immortal  
  46  5:23  Twilight Council  
  46  5:29  Probe  
  46  5:31  Pylon, Probe  
  48  5:39  Zealot  
  50  5:43  Pylon  
  50  5:44  Gateway  
  50  5:45  Pylon  
  50  5:49  Probe x2  
  49  5:55  Pylon  
  50  5:59  Resonating Glaives (Chrono Boost)  
  50  6:02  Immortal  
  54  6:19  Pylon  
  54  6:25  Adept x4  
  60  6:27  Adept  
  64  6:33  Pylon  
  60  6:47  Adept x3  
  60  6:48  Adept  
  54  7:18  Probe  
  54  7:20  Probe  
  54  7:22  Immortal  
  60  7:25  Adept x3  
  60  7:26  Adept x3  
  72  7:38  Nexus  
  72  7:42  Assimilator  
  72  7:46  Assimilator  
  72  7:49  Pylon  
  72  7:50  Pylon  
  60  8:16  Dark Shrine  
  60  8:19  Probe  
  60  8:20  Probe  
  62  8:30  Immortal  
  66  8:37  Adept x5  
  66  8:38  Adept  
  78  8:42  Nexus  
  78  8:45  Assimilator  
  78  8:47  Assimilator  
  78  8:51  Pylon  
  78  8:53  Pylon  
  78  8:57  Probe  
  78  8:58  Probe x2  
  81  9:06  Gateway  
  81  9:07  Probe  
  81  9:08  Gateway  
  82  9:10  Probe  
  82  9:12  Gateway  
  82  9:14  Probe  
  82  9:15  Pylon  
  84  9:17  Pylon, Assimilator  
  84  9:27  Gateway  
  84  9:30  Gateway  
  84  9:33  Gateway  
  84  9:35  Gateway  
  80  10:04  Dark Templar x6  
  80  10:06  Probe x2  
  84  10:07  Probe  
  87  10:24  Probe  
  87  10:26  Probe  
  89  10:38  Adept x6  
  89  10:39  Adept x4  
  89  10:40  Adept x2  
  113  10:50  Forge  
  113  10:52  Forge  
  113  11:00  Zealot  
  113  11:01  Zealot  
  117  11:30  Stargate  
  117  11:33  Stargate  
  117  11:35  Stargate  
  117  11:44  Nexus  
  117  11:46  Dark Templar  
  119  11:47  Assimilator  
  119  11:49  Assimilator  
  119  11:53  Pylon  
  119  11:56  Pylon  
  119  11:57  Gateway  
  119  12:06  Probe  
  119  12:07  Probe x2  
  122  12:16  Protoss Ground Weapons Level 1 (Chrono Boost), Protoss Ground Armor Level 1 (Chrono Boost)  
  122  12:23  Phoenix  
  122  12:25  Phoenix  
  122  12:29  Phoenix  
  128  12:32  Probe  
  128  12:36  Probe  
  130  12:40  Probe  
  130  12:42  Probe  
  114  13:06  Charge  
  108  13:26  Adept  
  108  13:27  Adept x6  
  112  13:28  Adept x4  
  112  13:29  Adept, Probe x3  
  112  13:30  Probe  
  136  13:43  Templar Archives  
  136  13:46  Pylon x2  
  136  13:52  Phoenix x2  
  136  13:53  Phoenix  
  124  14:03  Observer  
  124  14:08  Protoss Ground Armor Level 2 (Chrono Boost), Protoss Ground Weapons Level 2 (Chrono Boost)  
  125  14:17  Phoenix  
  127  14:24  Observer  
  104  14:39  Phoenix x2  
  104  14:43  Probe  
  104  14:44  Probe x2  
  104  14:45  Probe  
  112  14:54  Photon Cannon  
  112  15:00  Photon Cannon  
  112  15:01  Probe  
  112  15:02  Probe x2  
  112  15:03  Probe x2  
  117  15:08  Phoenix  
  117  15:09  Photon Cannon  
  119  15:23  High Templar x3, Photon Cannon  
  119  15:24  High Templar x7  
  119  15:25  High Templar  
  119  15:28  Archon x5  
  141  15:31  Sentry  
  141  15:33  High Templar  
  145  15:37  Archon  
  140  16:04  Adept x5  
  140  16:05  Adept x6  
  140  16:06  Adept  
  164  16:32  High Templar x4  
  160  16:33  High Templar x4  
  160  16:37  Archon x3  
  160  16:38  Archon  
  150  17:20  Adept x5  
  150  17:21  Adept x5  
  150  17:22  Adept x2  
  159  17:56  Probe x2  
  159  17:57  Probe  
  159  17:58  Probe  
  161  17:59  Probe  
  160  18:22  Nexus  
  160  18:25  Assimilator  
  160  18:27  Assimilator  
  160  18:31  Pylon  
  160  18:37  Pylon  
  160  18:43  Protoss Ground Armor Level 3 (Chrono Boost)  
  158  18:54  Void Ray (Chrono Boost)  
  158  18:55  Void Ray x2 (Chrono Boost)  
  156  19:02  Protoss Shields Level 1  
  152  19:05  Nexus  
  152  19:08  Assimilator  
  152  19:12  Assimilator  
  152  19:14  Pylon  
  152  19:33  Void Ray x3 (Chrono Boost)  
  164  19:49  Stalker x4  
  167  20:04  Stalker x4  
  167  20:05  Probe, Stalker  
  173  20:10  Void Ray x3 (Chrono Boost)  
  186  20:16  Probe  
  186  20:19  Pylon  
  187  20:24  Probe  
  187  20:26  Probe  
  186  20:47  Void Ray x2 (Chrono Boost)  
  186  20:48  Void Ray (Chrono Boost)  
  186  20:49  Observer  
  193  20:58  Robotics Bay  
  193  21:00  Pylon  
  192  21:09  Stalker x4  
Tags
 
League
GoldGold
Matchup
PvT
Replay Pack
All Mines
Spawn Locations
Cross Positions
Add a new tag
Caveats
  • Supply blocks, unpowered buildings, or Contaminate may cause inaccurate times.
  • Supply counts are checked every 10 seconds.